 Dungeon Crawl Stone Soup version 0.31.0-9-g3a7656b989 (webtiles) character file.

Game seed: 8327725338342738026

32 boopmooplesden the Trooper (level 3, 0/3 HPs)
             Began as an Armataur Berserker on Jan 25, 2024.
             Was a Follower of Trog.
             Slain by a rat (1 damage)
             ... on level 2 of the Dungeon.
             The game lasted 00:01:21 (933 turns).

boopmooplesden the Trooper (Armataur Berserker)      Turns: 933, Time: 00:01:22

Health: 0/3        AC:  3    Str: 24    XL:     3   Next: 10%
Magic:  3/3        EV:  9    Int:  7    God:    Trog [*.....]
Gold:   57         SH:  0    Dex:  9    Spells: 2/2 levels left

rFire   . . .        a - melded +0 mace
rCold   . . .        (shield currently unavailable)
rNeg    . . .        b - +0 animal skin
rPois   .            (no helmet)
rElec   .            (no cloak)
rCorr   .            (gloves currently unavailable)
SInv    .            (no barding)
Will    .....        (no amulet)
Stlth   +            (no ring)
HPRegen 0.20/turn    (no ring)
MPRegen 0.74/turn

%: roll
@: blade hands
A: reduced hp, large, deformed body, tough skin 3, armoured tail, roll 1
a: Begin Untransformation, Renounce Religion, Berserk


You were on level 2 of the Dungeon.
You worshipped Trog.
Trog was aware of your devotion.
You had blades for hands.
You visited 1 branch of the dungeon, and saw 2 of its levels.

You collected 57 gold pieces.

Inventory:

Hand Weapons
 a - a +0 mace (melded)
Armour
 b - a +0 animal skin (worn)
Talismans
 g - a blade talisman (active)
Scrolls
 c - a scroll of fog {unknown}
 d - a scroll of amnesia {unknown}
 e - a scroll of identify {unknown}
 f - a scroll of teleportation {unknown}


   Skills:
 + Level 3.3 Fighting
 + Level 3.1 Maces & Flails
 + Level 2.5 Armour
 + Level 1.6 Dodging


You had 2 spell levels left.
You didn't know any spells.
Your spell library was empty.

Dungeon Overview and Level Annotations

Branches:
Dungeon (2/15)

Altars:

Shops:
D:2 *


Innate Abilities, Weirdness & Mutations

You have blades for hands.
Your maximum health is decreased, since you lack skill for your form.
You are incapable of wielding weapons or throwing items.
Armour fits poorly on your strangely shaped body.
You have extremely tough skin. (AC +3)
You have a long armoured tail.
You regenerate magic when rolling toward enemies. (Rampage MPRegen)


Message History

Trog accepts your kill.
You have reached level 3!
Your experience leads to an increase in your attributes!
Increase (S)trength, (I)ntelligence, or (D)exterity?
You feel stronger. x2
You see here a blade talisman.
g - a blade talisman You begin transforming.
You continue transforming. x3
Your hands turn into razor-sharp scythe blades.
Your +0 mace melds into your body.
HP restored.
Found a leather armour.
You now have 57 gold pieces (gained 15).
Found a scale mail.
Found an escape hatch in the ceiling.
Found a stone staircase leading down.
You see here a +0 scale mail.
An endoplasm comes into view.
An endoplasm is nearby!
You roll towards the endoplasm!
The helpless endoplasm fails to defend itself.
You hit the endoplasm.
You kill the endoplasm!
Trog accepts your kill.
A frilled lizard and a rat come into view.
Found 4 gold pieces.
The rat squeaks loudly.
The frilled lizard hisses angrily.
You hear a shout!
There are monsters nearby!
You roll towards the frilled lizard!
A kobold comes into view. It is wielding a +0 short sword.
The kobold shouts!
You hit the frilled lizard.
You kill the frilled lizard!
Trog accepts your kill.
The kobold throws a stone.
The stone hits you but does no damage. The rat bites you.
Ouch! That really hurt!
Found Cieneh's General Store.
The rat barely misses you.
You see here a frilled lizard corpse.
The rat bites you.
You die...

..# #.####..... #. ###
#<# #.##.. # #...
#.####..... .#.#...
#.......#.# ...#.#.
##......#.. .......###
#..#...... ###......#
#.....####
.......#.#### #[...##
.#.....@r...###....#
8...K..†...........#
.8.........####......#
..8.$......# #>.#.....
∩..8..#....# ######.##
..8..##....# ... .8..^
#....# .. 8...# #....#
#### ######


You could see a kobold and a rat.

Vanquished Creatures
  A ribbon worm (D:2)
  4 ball pythons (D:1)
  3 endoplasms
  2 giant cockroaches
  3 goblins (D:1)
  6 hobgoblins
  A kobold (D:1)
  A quokka (D:1)
  3 frilled lizards
  A rat (D:1)
25 creatures vanquished.

Notes
Turn   | Place    | Note
-------+----------+-------------------------------------------
     0 | D:1      | boopmooplesden the Armataur Berserker began the quest for
                  | the Orb.
     0 | D:1      | Reached XP level 1. HP: 18/18 MP: 1/1
   274 | D:1      | Reached XP level 2. HP: 26/26 MP: 2/2
   319 | D:1      | Found a faded altar of an unknown god.
   868 | D:2      | Reached XP level 3. HP: 23/31 MP: 3/3
   932 | D:2      | Found Cieneh's General Store.
   933 | D:2      | Slain by a rat

Illustrated notes

Levels and vault maps discovered:
D:1:      spicycebolla_arrival_risky_transporter, layout_basic,
          shapermc_ecumenical_altar_petra
D:2:      layout_basic, basic_altar, serial_shops, nicolae_diamond_shop,
          minmay_bisected, uniq_crazy_yiuf_cottage

Skill      XL: |  1  2 |
---------------+-------+-----
Fighting       | 3 |  3.3
Maces & Flails | 3 |  3.1
Armour         | |  2.5
Dodging        | |  1.6

Action                     || total
---------------------------++-------
  Melee: Mace              ||    57
         Tailslap          ||     4
         Punch             ||     1
         Unarmed           ||     2
   Stab: Sleeping          ||     4
 Armour: Animal skin       ||    37
  Dodge: Dodged            ||    19
   Form: Blade             ||     1
